 Dungeon Crawl Stone Soup version 0.19-a0-1850-g63fd1ff (webtiles) character file.

100 Naow the Chopper (level 4, -5/40 HPs)
             Began as a Minotaur Berserker on Oct 10, 2016.
             Was a Believer of Trog.
             Slain by Sigmund
             ... wielding a +0 scythe
              (12 damage)
             ... on level 3 of the Dungeon.
             The game lasted 00:01:35 (1703 turns).

Naow the Chopper (Minotaur Berserker)               Turns: 1703, Time: 00:01:36

Health: -5/40      AC:  2    Str: 22    XL:     4   Next: 46%
Magic:  3/3        EV: 12    Int:  5    God:    Trog [**....]
Gold:   19         SH:  0    Dex:  9    Spells: 0 memorised, 3 levels left

rFire  . . .     SeeInvis .     a - +0 hand axe
rCold  . . .     Gourm    .     b - +0 animal skin
rNeg   . . .     Faith    .     (no shield)
rPois  .         Spirit   .     (helmet restricted)
rElec  .         Dismiss  .     (no cloak)
rCorr  .         Reflect  .     (no gloves)
MR     ++...     Harm     .     (no boots)
Stlth  +.........               (no amulet)
                                (no ring)
                                (no ring)

@: exhausted, regenerating, slowed, very slow
A: retaliatory headbutt, horns 2
a: Berserk, Trog's Hand, Burn Spellbooks, Renounce Religion


You were on level 3 of the Dungeon.
You worshipped Trog.
Trog was pleased with you.
You were very hungry.

You visited 1 branch of the dungeon, and saw 3 of its levels.

You collected 19 gold pieces.

Inventory:

Hand Weapons
 a - a +0 hand axe (weapon)
Armour
 b - a +0 animal skin (worn)
Jewellery
 k - an uncursed ring of wizardry {unknown}
Scrolls
 d - a scroll of remove curse {unknown}
 f - a scroll of fog {unknown}
 g - a scroll of noise {unknown}
 j - 2 scrolls of enchant armour {unknown}
 l - a scroll of identify {unknown}
 n - a scroll of random uselessness {unknown}
 o - a scroll of enchant weapon {unknown}
Potions
 e - 2 potions of curing {unknown}
 i - a potion of brilliance {unknown}
Comestibles
 c - 2 bread rations
 h - a meat ration
 m - a chunk of flesh


   Skills:
 - Level 3.9 Fighting
 + Level 6.1 Axes
 - Level 2.6 Armour
 - Level 2.3 Dodging


You had 3 spell levels left.
You didn't know any spells.

Dungeon Overview and Level Annotations

Branches:
Dungeon (3/15)

Altars:

Annotations:
D:3 Sigmund


Innate Abilities, Weirdness & Mutations

You reflexively headbutt those who attack you in melee.
You have a pair of horns on your head.


Message History

Sigmund says, "Don't worry, I'll kill you fast."
Sigmund gestures at you while chanting. You resist with some effort.
Your skin crawls.
You feel resistant to hostile enchantments.
You feel somewhat more hungry. Sigmund hits you with a scythe.
* * * LOW HITPOINT WARNING * * *
You barely miss Sigmund.
Sigmund is moderately wounded.
You feel the effects of Trog's Hand fading.
Sigmund misses you.
You barely miss Sigmund. You headbutt Sigmund, but do no damage.
Sigmund is moderately wounded.
Sigmund giggles. "Time to reap what you sow."
Sigmund hits you with a scythe.
* * * LOW HITPOINT WARNING * * *
You hit Sigmund.
Sigmund is heavily wounded.
Sigmund hits you with a scythe!
You die...

### #.. # #.#
.# #.#####.##
).
#.....@@†#.#
#######....#.#
#......#
########


You could see Sigmund.

Vanquished Creatures
  Terence (D:2)
  4 adders
  2 worms (D:2)
  A dart slug (D:2)
  A ball python (D:1)
  A bat (D:2)
  A giant cockroach (D:1)
  4 goblins
  3 hobgoblins
  3 jackals (D:1)
  A quokka (D:2)
  3 frilled lizards (D:1)
  4 kobolds
  4 rats
33 creatures vanquished.

Notes
Turn   | Place    | Note
-------+----------+-------------------------------------------
     0 | D:1      | Naow the Minotaur Berserker began the quest for the Orb.
     0 | D:1      | Reached XP level 1. HP: 19/19 MP: 0/0
   148 | D:1      | Reached XP level 2. HP: 24/27 MP: 1/1
   408 | D:1      | Reached skill level 4 in Axes
   743 | D:2      | Noticed Terence
   751 | D:2      | Killed Terence
   751 | D:2      | Reached skill level 5 in Axes
   751 | D:2      | Reached XP level 3. HP: 15/33 MP: 2/2
  1171 | D:2      | Reached XP level 4. HP: 32/40 MP: 3/3
  1288 | D:2      | Reached ** piety under Trog
  1683 | D:3      | Noticed Sigmund
  1690 | D:3      | Reached skill level 6 in Axes
  1703 | D:3      | Slain by Sigmund

Vault maps used:
D:1:      co_arrival_square_in_a_square_in_a_square, minmay_misc_feat_room
D:2:      uniq_terence
D:3:      minmay_door_path, overflow_temple_1_default, first_bread, uniq_sigmund

Skill      XL: |  1  2  3  4 |
---------------+-------------+-----
Axes           | 5 6 |  6.1
Fighting       | |  3.9
Armour         | |  2.6
Dodging        | |  2.3

Action                   |  1- 3 |  4- 6 || total
-------------------------+-------+-------++-------
Melee: Hand axe          |    55 |    26 ||    81
       Headbutt          |     5 |     6 ||    11
Invok: Berserk           |     1 |     1 ||     2
       Trog's Hand       |       |     1 ||     1
  Eat: Chunk             |     2 |     1 ||     3
Armor: Animal skin       |     4 |     1 ||     5
Dodge: Dodged            |    36 |    16 ||    52
